 Dungeon Sprint DCSS version 0.18-a0-1789-gbeff17f (webtiles) character file.

10127 namelastname112 the Peltast (level 11, -30/98 HPs)
             Began as a Formicid Fighter on Apr 21, 2016.
             Was the Champion of Makhleb.
             Killed from afar by a pearl dragon (56 damage)
             ... with a blast of cleansing flame
             ... in the Dungeon (Sprint V: "Ziggurat Sprint").
             The game lasted 00:04:39 (555 turns).

namelastname112 the Peltast (Formicid Fighter)       Turns: 555, Time: 00:04:39

Health: -30/98     AC: 30    Str: 39    XL:     11   Next: 87%
Magic:  18/18      EV:  4    Int:  8    God:    Makhleb [******]
Gold:   0          SH: 34    Dex: 10    Spells: 0 memorised, 10 levels left

rFire  + . .     SeeInvis +     K - +14 obsidian axe {chop, +Fly Str+3 SInv *Curse} (curse)
rCold  + . .     Gourm    .     N - +9 gold dragon armour
rNeg   + . .     Faith    .     M - +18 shield of the gong {rElec rN+ MR+ EV-5}
rPois  +         Spirit   .     (helmet unavailable)
rElec  +         Dismiss  .     O - +0 cloak {rPois}
rCorr  .         Reflect  .     (no gloves)
SustAt .         Harm     .     (no boots)
MR     ++...                    (no amulet)
Stlth  ..........               J - +6 ring of strength
                                I - +6 ring of strength

@: mesmerised, studying Armour, very resistant to hostile enchantments,
extremely unstealthy
A: permanent stasis, dig shafts and tunnels, four strong arms, antennae 3
a: Dig, Minor Destruction, Lesser Servant of Makhleb, Major Destruction, Greater
Servant of Makhleb, Renounce Religion, Evoke Flight


You were in the Dungeon.
You worshipped Makhleb.
Makhleb was exalted by your worship.
You were not hungry.

You visited 1 branch

Inventory:

Hand Weapons
 y - a +5 executioner's axe of draining
 K - the cursed +14 obsidian axe (weapon) {chop, +Fly Str+3 SInv *Curse}
   (You found it in the Dungeon)

   It inflicts extra damage upon your enemies.
   It affects your strength (+3).
   It lets you see invisible.
   It lets you fly.
   It may re-curse itself when equipped.
   It has a curse placed upon it.
Armour
 L - the +15 Maxwell's patent armour {-Cast -Tele rElec MR+ rCorr}
   (You found it in the Dungeon)

   It insulates you from electricity.
   It affects your resistance to hostile enchantments.
   It prevents spellcasting.
   It prevents most forms of teleportation.
   It protects you from acid and corrosion.
 M - the +18 shield of the gong (worn) {rElec rN+ MR+ EV-5}
   (You found it in the Dungeon)

   It affects your evasion (-5).
   It insulates you from electricity.
   It protects you from negative energy.
   It affects your resistance to hostile enchantments.
 N - a +9 gold dragon armour (worn)
 O - a +0 cloak of poison resistance (worn)
Jewellery
 a - an uncursed ring of protection from fire
 E - a +6 ring of dexterity
 F - a +6 ring of dexterity
 G - a +6 ring of intelligence
 H - a +6 ring of intelligence
 I - a +6 ring of strength (left hand)
 J - a +6 ring of strength (right hand)
Wands
 o - a wand of hasting (2/9)
 A - a wand of disintegration (7/24)
 B - a wand of iceblast (5/15)
 C - a wand of lightning (5/15)
 D - a wand of acid (5/15)
Scrolls
 q - 4 scrolls of amnesia
 r - 4 scrolls of recharging
 s - 7 scrolls of fog
 t - a scroll of holy word
 u - 5 scrolls of identify
 v - 5 scrolls of remove curse
 w - 2 scrolls of fear
Potions
 d - 6 potions of might
 e - 10 potions of curing
 g - 12 potions of heal wounds
 i - 7 potions of magic
 l - 2 potions of brilliance
 m - 2 potions of invisibility
 n - 4 potions of resistance
 p - 5 potions of agility
Books
 b - a book of Enchantments

   Spells                             Type                      Level
   a - Cause Fear                     Hexes                        4
   b - Yara's Violent Unravelling     Hexes/Transmutation          5
   c - Silence                        Hexes/Air                    5
   d - Deflect Missiles               Charms/Air                   6
   e - Haste                          Charms                       6
   f - Discord                        Hexes                        8
 j - a manual of Armour
Miscellaneous
 h - a lamp of fire
Comestibles
 f - 5 bread rations
 x - 42 fruits
 z - 4 meat rations


   Skills:
 + Level 13.0 Fighting
 + Level 12.2 Axes
 + Level 15.1 Armour
 - Level 3.8 Dodging
 - Level 1.8 Stealth
 + Level 17.3 Shields
 + Level 9.9 Invocations
 + Level 9.1 Evocations


You had 10 spell levels left.
You didn't know any spells.

Dungeon Overview and Level Annotations

Branches:
Dungeon (1/1)

Altars:
Ashenzari
Cheibriados
Dithmenos
Elyvilon
Fedhas
Gozag
Kikubaaqudgha
Makhleb
Nemelex Xobeh
Okawaru
Pakellas
Qazlal
Ru
Sif Muna
Trog
Vehumet
Xom
Yredelemnul
Zin
The Shining One
Beogh
Jiyva
Lugonu


Innate Abilities, Weirdness & Mutations

You are under a permanent stasis effect.
You can dig through walls and to a lower floor.
Your four strong arms can wield two-handed weapons with a shield.
You have a pair of large antennae on your head (SInv).


Message History

You block the pearl dragon's attack.
SHROANNG!
You block the apis's attack.
BONNNG!
You take 11 damage, and have 25/98 hp.
You closely miss the pearl dragon. You hit the apis but do no damage.
You block the pearl dragon's attack.
SHROANNG!
You block the pearl dragon's attack.
PTOANNNG!
You block the apis's attack.
SHROANNG!
You slice the apis!!
The apis is moderately wounded.
You hit the pearl dragon.
The pearl dragon is lightly wounded.
The pearl dragon breathes holy energy at you.
The blast of cleansing flame engulfs you!
Ouch! That really hurt!
You die...

▓.....†...▓.
▓.........▓.
▓.........▓.
▓▓▓▓▓▓▓▓▓▓▓▓▓▓▓▓▓▓▓▓▓▓▓▓
▓...8©8...▓...8©8...▓...
▓..)}}::}.▓..}}|[[..▓..)
▓..)=)||..▓..:).3)..▓...
▓.........▓.........▓.).
▓.....D@..▓{........▓..(
▓.....Y...▓.........▓...
▓.....§...▓.....)†).▓...
▓..▓...▓..▓.........▓.▓.
▓......§..▓.▓.....▓.▓...
▓.........▓.........▓▓▓▓
▓▓▓▓▓▓▓▓▓▓▓▓▓▓▓▓▓▓▓▓▓


{{{{{{{{ {{{ You could see an apis and a pearl dragon.

Vanquished Creatures
  2 frost giants (D)
  A deep elf elementalist (D)
  A dancing weapon (D)
  A thrashing horror (D)
  2 deep elf knights (D)
  A swamp dragon (shapeshifter) (D)
  3 deep elf magi (D)
  A rime drake (D)
  An efreet (D)
  A freezing wraith (D)
  2 guardian mummies (D)
  A polar bear (D)
  5 hell hounds (D)
  2 ice beasts (D)
  A necrophage (D)
  A phantom (D)
  2 wights (D)
  2 crimson imps (D)
  3 small abominations (D)
  3 quasits (D)
  2 orc wizards (D)
  2 iron imps (D)
  3 mummies (D)
  2 shadow imps (D)
  7 white imps (D)
  2 ufetubi (D)
  An adder zombie (D)
  2 adder simulacra (D)
  An orc (D)
  3 bat skeletons (D)
  A giant cockroach simulacrum (D)
  A jackal skeleton (D)
63 creatures vanquished.

Vanquished Creatures (collateral kills)
  A deep elf archer (D)
1 creature vanquished.

Grand Total: 64 creatures vanquished

Notes
Turn   | Place    | Note
--------------------------------------------------------------
     0 | D        | namelastname112 the Formicid Fighter began the quest for the Orb.
     0 | D        | Reached XP level 1. HP: 18/18 MP: 1/1
     0 | D        | Found a roughly hewn altar of Beogh.
     0 | D        | Found a viscous altar of Jiyva.
     0 | D        | Found a corrupted altar of Lugonu.
     0 | D        | Found a white marble altar of Elyvilon.
     0 | D        | Found a sparkling altar of Nemelex Xobeh.
     0 | D        | Found a burning altar of Makhleb.
     0 | D        | Found an iron altar of Okawaru.
     0 | D        | Found a deep blue altar of Sif Muna.
     0 | D        | Found a radiant altar of Vehumet.
     0 | D        | Found a bloodstained altar of Trog.
     0 | D        | Found a shimmering altar of Xom.
    85 | D        | Reached skill level 5 in Shields
    85 | D        | Reached XP level 2. HP: 26/26 MP: 2/2
    98 | D        | Became a worshipper of Makhleb the Destroyer
   100 | D        | Entered arena 1.
   100 | D        | Noticed a crimson imp
   100 | D        | Noticed a quasit
   104 | D        | Killed a quasit
   104 | D        | Reached skill level 5 in Fighting
   104 | D        | Reached skill level 5 in Armour
   104 | D        | Reached skill level 6 in Shields
   104 | D        | Reached XP level 3. HP: 32/33 MP: 3/3
   107 | D        | Reached XP level 4. HP: 40/40 MP: 4/4
   110 | D        | Entered arena 2.
   113 | D        | Reached * piety under Makhleb
   116 | D        | Reached skill level 7 in Shields
   116 | D        | Reached XP level 5. HP: 39/47 MP: 5/5
   117 | D        | Reached ** piety under Makhleb
   200 | D        | Entered arena 3.
   204 | D        | Reached skill level 8 in Shields
   207 | D        | Reached *** piety under Makhleb
   212 | D        | Entered arena 4.
   220 | D        | Reached **** piety under Makhleb
   220 | D        | Reached skill level 5 in Axes
   220 | D        | Reached XP level 6. HP: 54/56 MP: 6/6
   230 | D        | Entered arena 5.
   230 | D        | Noticed a thrashing horror
   234 | D        | Reached skill level 9 in Shields
   236 | D        | Reached ***** piety under Makhleb
   255 | D        | Killed a thrashing horror
   255 | D        | Reached skill level 1 in Stealth
   255 | D        | Reached skill level 12 in Shields
   255 | D        | Reached XP level 7. HP: 50/64 MP: 7/7
   255 | D        | Reached XP level 8. HP: 56/71 MP: 8/8
   342 | D        | Entered arena 6.
   342 | D        | Noticed an efreet
   347 | D        | Reached skill level 13 in Shields
   357 | D        | Killed an efreet
   357 | D        | Reached skill level 14 in Shields
   357 | D        | Reached XP level 9. HP: 66/77 MP: 9/9
   411 | D        | Entered arena 7.
   411 | D        | Noticed a guardian mummy
   411 | D        | Noticed a guardian mummy
   416 | D        | Killed a guardian mummy
   416 | D        | Reached ****** piety under Makhleb
   417 | D        | Killed a guardian mummy
   417 | D        | Reached skill level 15 in Shields
   430 | D        | Entered arena 8.
   437 | D        | Reached skill level 10 in Fighting
   437 | D        | Reached skill level 1 in Invocations
   437 | D        | Reached skill level 1 in Evocations
   453 | D        | Entered arena 9.
   456 | D        | Reached skill level 10 in Armour
   469 | D        | Got the cursed -1 pair of gloves of Dishonesty {rCorr}
   484 | D        | Entered arena 10.
   484 | D        | Noticed a deep elf elementalist
   484 | D        | Noticed a deep elf mage
   484 | D        | Noticed a deep elf mage
   484 | D        | Noticed a deep elf knight
   484 | D        | Noticed a deep elf knight
   484 | D        | Noticed a dire flail of crushing
   484 | D        | Noticed a deep elf archer
   484 | D        | Noticed a deep elf mage
   489 | D        | Killed a deep elf mage
   489 | D        | Reached skill level 10 in Axes
   489 | D        | Reached XP level 10. HP: 86/86 MP: 13/13
   491 | D        | Killed a deep elf knight
   491 | D        | Reached skill level 5 in Invocations
   492 | D        | Killed a dire flail of crushing
   492 | D        | Reached skill level 16 in Shields
   492 | D        | Reached skill level 5 in Evocations
   493 | D        | Killed a deep elf knight
   493 | D        | Noticed a swamp dragon
   493 | D        | a boulder beetle changed into a swamp dragon
   494 | D        | Killed a deep elf mage
   494 | D        | Killed a deep elf elementalist
   494 | D        | Reached XP level 11. HP: 95/95 MP: 13/16
   496 | D        | Killed a deep elf mage
   497 | D        | Killed a swamp dragon
   504 | D        | Killed a deep elf archer
   513 | D        | Entered arena 11.
   514 | D        | Noticed a frost giant
   514 | D        | Noticed a frost giant
   526 | D        | Killed a frost giant
   526 | D        | Reached skill level 17 in Shields
   528 | D        | Killed a frost giant
   528 | D        | Reached skill level 15 in Armour
   548 | D        | Entered arena 12.
   549 | D        | Noticed an apis
   549 | D        | Noticed a pearl dragon
   555 | D        | Killed from afar by a pearl dragon

Vault maps used:
D:        sprint_v

Skill      XL: |  1  2  3  4  5  6  7  8  9 10 11 |
---------------+----------------------------------+-----
Fighting       | 4 5 6 7 9 10 11 13 | 13.0
Axes           | 3 4 5 7 8 10 11 12 | 12.2
Armour         | 4 5 6 7 8 9 11 13 15 | 15.1
Dodging        | 2 3 |  3.8
Shields        | 5 6 7 8 12 14 15 16 17 | 17.3
Stealth        | 1 |  1.8
Invocations    | 4 7 9 |  9.9
Evocations     | 4 7 9 |  9.1

Action                   |  1- 3 |  4- 6 |  7- 9 | 10-12 || total
-------------------------+-------+-------+-------+-------++-------
Melee: Executioner's axe |     5 |    38 |    13 |       ||    56
       Broad axe         |       |       |    22 |    25 ||    47
  Use: Potion            |     1 |       |       |       ||     1
       Scroll            |       |     1 |     5 |       ||     6
 Stab: Distracted        |       |       |       |     1 ||     1
Armor: Gold dragon armou |     9 |     2 |    44 |     8 ||    63
       Plate armour      |       |    58 |       |       ||    58
Dodge: Dodged            |     1 |    12 |     9 |     2 ||    24
Block: Shield            |    14 |   107 |    94 |    47 ||   262
